 Seeded DCSS version 0.29.1-2-gbd0b4ee654 (webtiles) character file.

Game seed: 13597628590910646089 (custom seed)

218 bwicke the Sneak (level 5, -4/35 HPs)
             Began as a Vampire Necromancer on Oct 25, 2022.
             Slain by a phantom (6 damage)
             ... on level 4 of the Dungeon.
             The game lasted 00:21:02 (3552 turns).

bwicke the Sneak (Vampire Necromancer)              Turns: 3552, Time: 00:21:03

Health: -4/35      AC:  6    Str:  7    XL:     5   Next: 63%
Magic:  3/8        EV: 16    Int: 19    God:
Gold:   283        SH:  0    Dex: 15    Spells: 4/8 levels left

rFire   . . .      SeeInvis +   p - +0 trident (protect)
rCold   . . .      Faith    .   (no shield)
rNeg    . . .      Spirit   .   o - +0 robe
rPois   .          Reflect  .   (no helmet)
rElec   .          Harm     .   (no cloak)
rCorr   .          Rampage  .   w - +0 pair of gloves
Will    .....                   k - +2 pair of boots
Stlth   ++++......              (no amulet)
HPRegen 0.31/turn               s - +4 ring of evasion
MPRegen 0.11/turn               (no ring)

@: healing quickly
A: alive, fangs 3, see invisible, vampiric 2
a: Exsanguinate


You were on level 4 of the Dungeon.
You visited 2 branches of the dungeon, and saw 5 of its levels.

You collected 283 gold pieces.

Inventory:

Hand Weapons
 a - a +0 dagger of draining
 b - a +1 sling of flaming
 j - a +0 war axe
 m - a +0 long sword
 n - a +0 short sword
 p - a +0 trident of protection (weapon)
Missiles
 q - 3 datura-tipped darts
Armour
 k - a +2 pair of boots (worn)
 o - a +0 robe (worn)
 w - a +0 pair of gloves (worn)
Jewellery
 s - a +4 ring of evasion (left hand)
Scrolls
 d - a scroll of noise {unknown}
 f - a scroll of immolation {unknown}
 i - a scroll of teleportation {unknown}
 l - 2 scrolls of magic mapping
 t - a scroll of fear
 u - a scroll of summoning {unknown}
 v - 2 scrolls of torment {unknown}
 y - a scroll of blinking {unknown}
Potions
 c - a potion of haste {unknown}
 e - a potion of might {unknown}
 g - a potion of invisibility {unknown}
 h - a potion of degeneration {unknown}
 r - 3 potions of magic


   Skills:
 - Level 2.1 Dodging
 - Level 7.9 Stealth
 - Level 2.0 Spellcasting
 + Level 5.6 Necromancy


You had 4 spell levels left.
You knew the following spells:

 Your Spells              Type           Power      Damage    Failure   Level
a - Necrotise             Necr           92%        1d8       1%          1
b - Vampiric Draining     Necr           23%        2d7       4%          3

Your spell library contained the following spells:

 Spells                   Type           Power      Damage    Failure   Level
 Animate Dead             Necr           23%        N/A       17%         4
 Poisonous Vapours        Pois/Air       2%         N/A       26%         2
 Scorch                   Fire           2%         2d5       26%         2
 Ozocubu's Armour         Ice            1%         N/A       45%         3
 Corpse Rot               Necr/Pois/Air  9%         N/A       61%         4
 Flame Wave               Conj/Fire      1%         2d4       86%         4
 Agony                    Necr           23%        N/A       43%         5
 Metabolic Englaciation   Hex/Ice        0%         N/A       99%         5
 Simulacrum               Ice/Necr       6%         N/A       100%        6
 Summon Cactus Giant      Summ           0%         N/A       100%        6


Dungeon Overview and Level Annotations

Branches:
Dungeon (4/15)             Temple (1/1) D:4

Altars:
Ashenzari
Cheibriados
Dithmenos
Fedhas
Kikubaaqudgha
Makhleb
Nemelex Xobeh
Okawaru
Qazlal
Ru
Sif Muna
Uskayaw
Vehumet
Wu Jian
Yredelemnul

Shops:
D:1 [   D:4 [[**


Innate Abilities, Weirdness & Mutations

Your natural rate of healing is accelerated.
You have razor-sharp teeth.
You have supernaturally acute eyesight. (SInv)
You are afflicted with vampirism and can become a bat while bloodless.


Message History

The orc wizard hits you with a +0 dagger.
* * * LOW HITPOINT WARNING * * *
You barely miss the orc wizard.
The orc wizard is almost dead.
The orc wizard barely misses you.
You barely miss the orc wizard.
The orc wizard is almost dead.
The orc wizard misses you.
You hit the orc wizard. You drain the orc wizard.
You kill the orc wizard!
You hit the phantom. Your bite misses the phantom.
The phantom is almost destroyed.
The phantom hits you.
* * * LOW HITPOINT WARNING * * *
The phantom blinks!
You blink.
The orc wizard hits you but does no damage.
You hit the orc wizard. You drain the orc wizard.
You kill the orc wizard!
The phantom hits you.
* * * LOW HITPOINT WARNING * * *
The phantom blinks!
You blink.
You hit the phantom but do no damage. Your bite misses the phantom.
The phantom is almost destroyed.
The phantom closely misses you.
You hit the phantom. Your bite misses the phantom.
The phantom is almost destroyed.
The phantom hits you but does no damage.
You barely miss the phantom.
The phantom is almost destroyed.
The phantom closely misses you.
Your +0 trident of protection hums with potential!
p - a +0 trident of protection (weapon)
You completely miss the phantom. Your bite misses the phantom.
The phantom is almost destroyed.
The phantom hits you.
* * * LOW HITPOINT WARNING * * *
You barely miss the phantom.
The phantom is almost destroyed.
The phantom misses you. The phantom hits you.
You die...

####### ......#
###.#....######
##...#....#.....
#.W#....)...####
#.@.............
#.........o....# #
#..#......#o##.##.#
##........##.##.....
#.)....#####.ยง....>.
#)#.##.#####o#####..
#.#.##.#............
#.#.##.#...o.# #.#.#
#.o..o#


You could see a phantom.

Vanquished Creatures
  Jessica (D:3)
  4 orc wizards
  4 worms
  4 dart slugs
  4 orcs
  4 bats
  6 endoplasms
  A giant cockroach (D:3)
  3 goblins
  6 hobgoblins
  5 kobolds
  5 quokkas
  11 ball pythons
  4 frilled lizards
  5 rats
67 creatures vanquished.

Vanquished Creatures (collateral kills)
  A dart slug (D:1)
1 creature vanquished.

Vanquished Creatures (others)
  13 plants (D:4)
13 creatures vanquished.

Grand Total: 81 creatures vanquished

Notes
Turn   | Place    | Note
-------+----------+-------------------------------------------
     0 | D:1      | bwicke the Vampire Necromancer began the quest for the Orb.
     0 | D:1      | Reached XP level 1. HP: 13/13 MP: 3/3
   120 | D:1      | Found Givval's Armour Emporium.
   426 | D:1      | Reached skill level 4 in Stealth
   462 | D:1      | Reached XP level 2. HP: 19/19 MP: 3/5
   755 | D:1      | Reached skill level 5 in Stealth
   966 | D:2      | Found a faded altar of an unknown god.
   994 | D:2      | You fall into a shaft and drop 2 floors!
  1001 | D:4      | Found Duysiwk's Armour Shop.
  1016 | D:4      | Found Fehuheq's General Store.
  1028 | D:4      | Found Fisuiro's General Store.
  1032 | D:4      | Found Aperiysm's Antique Armour Shop.
  1033 | D:4      | Noticed an ogre
  1078 | D:4      | Found a basalt altar of Yredelemnul.
  1092 | D:4      | Found a radiant altar of Vehumet.
  1211 | D:3      | Found a shimmering blue altar of Sif Muna.
  1226 | D:3      | Reached skill level 6 in Stealth
  1226 | D:3      | Gained mutation: You are afflicted with vampirism and can
                  | become a bat while bloodless. [Vampire growth]
  1226 | D:3      | Reached XP level 3. HP: 14/24 MP: 0/6
  1435 | D:3      | Noticed Jessica
  1442 | D:3      | Learned a level 3 spell: Vampiric Draining
  1448 | D:3      | Killed Jessica
  1449 | D:3      | Reached skill level 7 in Stealth
  1449 | D:3      | Reached XP level 4. HP: 30/30 MP: 2/7
  1785 | D:3      | Found a sacrificial altar of Ru.
  2421 | D:2      | Found a basalt altar of Yredelemnul.
  3258 | D:4      | Found a staircase to the Ecumenical Temple.
  3271 | Temple   | Entered the Ecumenical Temple
  3461 | D:4      | Reached XP level 5. HP: 35/35 MP: 8/8
  3496 | D:4      | Noticed a phantom
  3541 | D:4      | Reached skill level 5 in Necromancy
  3551 | D:4      | HP: 1/35 [phantom (5)]
  3552 | D:4      | Slain by a phantom

Illustrated notes

Levels and vault maps discovered:
D:1:      lemuel_arrival_river_ford, layout_loops_ring, serial_shops, shop
D:2:      minmay_recursive_quarters, layout_loops_ring,
          nicolae_ecumenical_pavilion, basic_altar, kennysheep_big_empty_room,
          minmay_vboxes
D:3:      wander_river, layout_loops_ring, kennysheep_orc_sif_temple,
          lemuel_coloured_pillars_altar, grunt_decor_fettered, uniq_jessica
D:4:      layout_loops_cross, general_overflow_altar,
          mainiacjoe_overflow_catch_the_wave,
          minmay_temple_entry_statues_fountains, roderic_roman_lattice,
          st_stairs_12, minmay_shop_grid_forest
Temple:   nicolae_temple_bog_church

Skill      XL: |  1  2  3  4  5 |
---------------+----------------+-----
Stealth        | 4 6 7 |  7.9
Necromancy     | 5 |  5.6
Dodging        | |  2.1
Spellcasting   | |  2.0

Action                   |  1- 3 |  4- 6 || total
-------------------------+-------+-------++-------
Melee: Unarmed           |     5 |       ||     5
       Bite              |     1 |     4 ||     5
       Punch             |     1 |     1 ||     2
       Short sword       |     1 |       ||     1
       Long sword        |     1 |       ||     1
       Dagger            |     4 |    48 ||    52
       Trident           |       |    17 ||    17
 Fire: Sling             |       |    43 ||    43
 Cast: Necrotise         |    37 |    20 ||    57
       Vampiric Draining |       |     5 ||     5
  Use: Scroll            |       |     6 ||     6
       Potion            |       |     1 ||     1
 Stab: Sleeping          |     3 |     4 ||     7
Armor: Robe              |     7 |    24 ||    31
Dodge: Dodged            |    15 |    64 ||    79
